Description

This pvp build is one base 3 gate 1 stargate all in.

Replay - puck_vs_llllllll-6700_pvp

Build Order

Get SALT Encoding   

  12  0:01  Probe  
  13  0:13  Probe  
  14  0:19  Pylon  
  14  0:25  Probe (Chrono Boost)  
  15  0:37  Probe (Chrono Boost)  
  15  0:39  Gateway  
  16  0:46  Probe (Chrono Boost)  
  16  0:47  Assimilator  
  17  0:51  Probe (Chrono Boost)  
  17  0:55  Assimilator  
  18  1:04  Probe (Chrono Boost)  
  19  1:09  Gateway  
  19  1:12  Probe (Chrono Boost)  
  19  1:18  Probe  
  21  1:26  Cybernetics Core  
  21  1:30  Probe  
  22  1:36  Pylon  
  24  2:02  Warp Gate (Chrono Boost)  
  24  2:04  Adept x2  
  28  2:09  Pylon  
  28  2:19  Stargate  
  28  2:31  Stalker x2  
  32  2:45  Gateway  
  32  2:55  Pylon  
  32  3:02  Oracle (Chrono Boost)  
  35  3:08  Shield Battery  
  33  3:38  Oracle  
  35  3:54  Pylon  
  35  3:56  Stalker x3  
  41  4:21  Stalker x3  
  47  4:44  Stalker x2  
  51  4:48  Zealot  
  43  6:03  Nexus  
Spawning Tool Build Advisor. Get it on Overwolf

Analysis

Puck beats the opponent by having oracle kill many 10 probes forcing him to be out of position and lose units.

The opponent made mistake for going for Robo, which didn't finish in time to hold the attack. If instead he used the resources on shield batteries or more phenixes the game could be different.

Go to:

Details

  • Created by: zekavatysc
  • Published on: Mar 07, 2018
  • Modified on: Mar 07, 2018
  • Patch: 4.0.0
Show
View Real Time Build Order
Export as new Build Order

Comments (0)

There are no comments. Be the first!

Create an account to comment!